 Dungeon Crawl Stone Soup version 0.22-a0-284-g99d1f74 (webtiles) character file.

84 4thArraOfDagon the Slasher (level 4, -5/33 HPs)
             Began as a Formicid Warper on Mar 20, 2018.
             Slain by an orc priest
             ... wielding a +0 flail
              (11 damage)
             ... on level 3 of the Dungeon.
             The game lasted 00:03:50 (872 turns).

4thArraOfDagon the Slasher (Formicid Warper)         Turns: 872, Time: 00:03:51

Health: -5/33      AC:  5    Str: 15    XL:     4   Next: 72%
Magic:  7/7        EV: 11    Int: 14    God:
Gold:   8          SH:  0    Dex: 10    Spells: 7/7 levels left

rFire    + . .     SeeInvis +   a - +0 falchion
rCold    . . .     Gourm    .   (no shield)
rNeg     . . .     Faith    .   d - +0 ring mail {rF+}
rPois    +         Spirit   .   (helmet unavailable)
rElec    .         Reflect  .   (no cloak)
rCorr    .         Harm     .   (no gloves)
MR       .....                  (no boots)
Stlth    ..........             b - amulet of regeneration
HPRegen  0.51/turn              g - +3 ring of slaying
MPRegen  0.10/turn              n - ring of poison resistance

@: flying
A: permanent stasis, dig shafts and tunnels, four strong arms, antennae 3
a: Dig, Shaft Self


You were on level 3 of the Dungeon.
You were very hungry.

You visited 1 branch of the dungeon, and saw 5 of its levels.

You collected 8 gold pieces.

Inventory:

Hand Weapons
 a - a +0 falchion (weapon)
Missiles
 e - 5 tomahawks of dispersal (quivered)
Armour
 d - a +0 ring mail of fire resistance (worn)
 o - a +1 buckler of protection
Jewellery
 b - an amulet of regeneration (around neck)
 g - a +3 ring of slaying (left hand)
 k - a +3 ring of dexterity
 n - a ring of poison resistance (right hand)
Scrolls
 c - a scroll of identify {unknown}
 h - a scroll of immolation {unknown}
 i - a scroll of magic mapping {unknown}
 m - a scroll of fear {unknown}
Comestibles
 f - 3 rations


   Skills:
 - Level 2.1 Fighting
 * Level 4.5 Long Blades
 - Level 1.0 Throwing
 - Level 1.1 Armour
 - Level 1.7 Dodging
 + Level 0.0 Shields
 - Level 2.1 Spellcasting
   Level 2.6 Translocations


You had 7 spell levels left.
You didn't know any spells.

Dungeon Overview and Level Annotations

Branches:
Dungeon (5/15)
 Temple: D:4-7

Altars:

Shops:
D:5 (


Innate Abilities, Weirdness & Mutations

You cannot be hasted, slowed, berserked, paralysed or teleported.
You can dig through walls and to a lower floor.
Your four strong arms can wield two-handed weapons with a shield.
You have a pair of large antennae on your head. (SInv)


Message History

* * * LOW HITPOINT WARNING * * *
You are too injured to fight recklessly!
Unknown command.
Throwing (i - inventory)
e - 5 tomahawks of dispersal (quivered)
Press: ? - help, Shift-Dir - straight line, f - orc priest
Aim: an orc priest, wielding a flail and wearing a leather armour
Okay, then.
It was a potion of magic.
Magic courses through your body. The orc priest hits you with a flail.
* * * LOW HITPOINT WARNING * * *
Unknown command.
It was a potion of flight.
You feel very buoyant.
You fly up into the air.
The orc priest misses you.
Unknown command.
Are you sure you want to shaft yourself?
You are feeling very hungry.
You begin to dig a shaft.
You continue digging a shaft.
The orc priest hits you with a flail!
You die...

...#.# { { { #o.
..# { ... o.# #{#
...# # ##{# #...
##{###.. ..{..{
##{#.#.# {...{#
#o###.### # #.#.#
{
##@##...##.###.#.#
####............##
#...##.###.!...
#..###.# ###.#.
#..###.## #<#
#.......## #.#
##.###...###.#.
#........##.#.
###...........


You could see an orc priest.

Vanquished Creatures
  An orc wizard (D:3)
  An adder (D:4)
  A worm (D:2)
  A dart slug (D:1)
  8 orcs
  A ball python (D:1)
  2 bats
  A giant cockroach (D:3)
  2 goblins (D:1)
  6 hobgoblins
  2 quokkas
  A frilled lizard (D:1)
  2 kobolds
  3 rats
32 creatures vanquished.

Notes
Turn   | Place    | Note
-------+----------+-------------------------------------------
     0 | D:1      | 4thArraOfDagon the Formicid Warper began the quest for the Orb.
     0 | D:1      | Reached XP level 1. HP: 16/16 MP: 3/3
    40 | D:1      | Reached XP level 2. HP: 15/22 MP: 5/5
   169 | D:2      | Reached skill level 3 in Long Blades
   424 | D:2      | Reached XP level 3. HP: 16/27 MP: 6/6
   540 | D:2      | Found a faded altar of an unknown god.
   674 | D:3      | Reached skill level 4 in Long Blades
   674 | D:3      | Reached XP level 4. HP: 29/33 MP: 7/7
   763 | D:5      | Entered Level 5 of the Dungeon
   763 | D:5      | Found Guset's Antique Weapon Shop.
   787 | D:4      | Noticed an ogre
   872 | D:3      | Slain by an orc priest

Vault maps used:
D:1:      dpeg_arrival_boxes_within_box
D:2:      first_ration, chequers_ecumenical_altar_twisty
D:3:      grunt_temple_overflow_open
D:4:      serial_co_window_serial, co_window_corner_a, co_window_corner_a,
          co_window_corner_a, co_window_paths_a, co_window_corner_a,
          co_window_paths_a, co_window_corner_b, co_window_broadway_c,
          co_window_of_opportunity_b, co_window_of_opportunity_c,
          co_window_corner_b, co_window_2corner
D:5:      fedhas_altar_4, serial_shops, shop, nicolae_ru_awakened_eye,
          uniq_blork_the_orc

Skill      XL: |  1  2  3 |
---------------+----------+-----
Long Blades    | 3 4 |  4.5
Fighting       | |  2.1
Throwing       | |  1.0
Armour         | |  1.1
Dodging        | |  1.7
Spellcasting   | |  2.1
Translocations | |  2.6

Action                   |  1- 3 |  4- 6 || total
-------------------------+-------+-------++-------
Melee: Falchion          |    91 |    21 ||   112
 Abil: Dig               |     6 |     2 ||     8
       Shaft Self        |       |     1 ||     1
  Use: Potion            |       |     2 ||     2
Armor: Leather armour    |     3 |       ||     3
       Ring mail         |    19 |     6 ||    25
Dodge: Dodged            |    61 |    14 ||    75
       Rpst.: Falchion   |    17 |     5 ||    22

Table legend:
 A = Spawn XP
 B = Non-spawn XP
 C = Spawn XP percentage of total XP
 D = Spawn monster count
 E = Non-spawn monster count
 F = Spawn count percentage of total count
 G = Total turns spent on level
                    A         B        C        D         E        F      G
               +---------+---------+-------+---------+---------+-------+---------
         Total |       0 |     120 |   0.0 |       0 |      32 |   0.0 |   872
               +---------+---------+-------+---------+---------+-------+---------
           D:1 |       0 |      17 |   0.0 |       0 |       9 |   0.0 |   207
           D:2 |       0 |      21 |   0.0 |       0 |       9 |   0.0 |   328
           D:3 |       0 |      69 |   0.0 |       0 |      13 |   0.0 |   234
           D:4 |       0 |      13 |   0.0 |       0 |       1 |   0.0 |   101
               +---------+---------+-------+---------+---------+-------+---------
